 Dungeon Crawl Stone Soup version 0.20-a0-823-gdec668e (webtiles) character file.

3129 Gorglomux the Grappler (level 9, -2/76 HPs)
             Began as a Troll Wanderer on Mar 5, 2017.
             Was a Believer of Okawaru.
             Slain by a gnoll
             ... wielding a +0 trident
              (4 damage)
             ... in a bailey.
             The game lasted 00:22:34 (6463 turns).

Gorglomux the Grappler (Troll Wanderer)             Turns: 6463, Time: 00:22:35

Health: -2/76      AC:  8    Str: 24    XL:     9   Next: 61%
Magic:  9/9        EV:  6    Int:  9    God:    Okawaru [**....]
Gold:   331        SH:  8    Dex: 14    Spells: 10/10 levels left

rFire    . . .     SeeInvis .     - Unarmed
rCold    . . .     Gourm    +   v - +0 robe
rNeg     . . .     Faith    .   c - +0 shield
rPois    +         Spirit   .   (helmet restricted)
rElec    .         Reflect  .   (no cloak)
rCorr    .         Harm     .   (gloves unavailable)
MR       .....                  (boots unavailable)
Stlth    ++........             (no amulet)
Regen    0.7/turn               C - +3 ring of strength
MPRegen  0.2/turn               n - +3 ring of protection

@: no status effects
A: unfitting armour, claws 3, thin skeletal structure 1, fast metabolism 3,
gourmand, poison resistance, regeneration 1, shaggy fur 1, tough skin 2
a: Heroism, Renounce Religion


You were in a bailey.
You worshipped Okawaru.
Okawaru was pleased with you.
You were completely stuffed.

You visited 2 branches of the dungeon, and saw 9 of its levels.
You also visited: Ossuary and Bailey.

You collected 485 gold pieces.
You spent 154 gold pieces at shops.

Inventory:

Missiles
 a - 2 throwing nets {=f, !d}
 D - 6 curare-tipped needles
Armour
 c - a +0 shield (worn)
 v - a +0 robe (worn)
   (You found it on level 3 of the Dungeon)
Jewellery
 n - a +3 ring of protection (left claw)
   (You found it on level 1 of the Dungeon)
 C - a +3 ring of strength (right claw)
   (You found it on level 4 of the Dungeon)
Wands
 w - a wand of digging (12/24)
   (You found it on level 6 of the Dungeon)
 z - a wand of confusion (10/48)
   (You found it on level 4 of the Dungeon)
Scrolls
 g - 2 scrolls of enchant weapon {unknown}
 i - 2 scrolls of enchant armour {unknown}
 j - a scroll of amnesia
 k - 2 scrolls of teleportation
 s - 4 scrolls of immolation {!r}
 t - a scroll of fear
 u - a scroll of fog {unknown}
 y - a scroll of torment {unknown}
 B - 2 scrolls of magic mapping {!r}
 F - 3 scrolls of remove curse
Potions
 h - 2 potions of mutation {!q}
 l - a potion of agility
 m - 2 potions of curing
 o - 4 potions of degeneration {!q}
 p - a potion of resistance
 r - 3 potions of heal wounds
 x - a potion of brilliance
 G - 3 potions of haste
 H - a potion of lignification {unknown}
Comestibles
 f - 10 bread rations {@e1@e1}
 q - a royal jelly
 E - a meat ration {@e2@e2}
 J - 3 chunks of flesh {@w0@w0}


   Skills:
 - Level 1.0 Fighting
   Level 1.0 Short Blades
 - Level 1.0 Throwing
 - Level 1.0 Stealth
 - Level 1.0 Shields
 + Level 13.0 Unarmed Combat
 - Level 1.2 Spellcasting
   Level 2.1 Fire Magic


You had 10 spell levels left.
You didn't know any spells.

Dungeon Overview and Level Annotations

Branches:
Dungeon (8/15)             Temple (1/1) D:4
   Lair: D:8-11

Altars:
Ashenzari
Cheibriados
Elyvilon
Fedhas
Gozag
Hepliaklqana
Kikubaaqudgha
Makhleb
Okawaru
Sif Muna
Trog
Vehumet
Wu Jian
Xom
Yredelemnul
Zin
The Shining One

Shops:
D:7 *

Annotations:
D:4 Grinder


Innate Abilities, Weirdness & Mutations

You are too large for most types of armour.
You have claws for hands.
Your metabolism is lightning-fast.
You like to eat raw meat.
Your natural rate of healing is unusually fast.
You are covered in fur. (AC +1)
You have very tough skin. (AC +2)
You have a somewhat thin skeletal structure. (Dex +2, Stealth)
Your system is resistant to poisons. (rPois)


Message History

You gain the combat prowess of a mighty hero.
The gnoll hits you from afar with a halberd!
You take 11 damage, and have 61/76 hp.
You now have 7/9 mp.
You block the gnoll sergeant's attack.
The gnoll shaman hits you from afar with a spear.
You take 1 damage, and have 60/76 hp.
You block the gnoll sergeant's attack. The gnoll shaman barely misses you.
The gnoll sergeant closely misses you. The gnoll hits you but does no damage.
There is an open gate here.
You scratch the gnoll sergeant but do no damage.
The gnoll barely misses you. You block the gnoll sergeant's attack.
The gnoll shaman hits you with a spear.
You take 4 damage, and have 57/76 hp.
You barely miss the gnoll sergeant. The gnoll barely misses you.
The gnoll hits you from afar with a trident!
The gnoll barely misses you. You block the gnoll sergeant's attack.
You take 6 damage, and have 51/76 hp.
You scratch the gnoll sergeant.
The gnoll sergeant hits you with a halberd.
The gnoll shaman hits you with a spear! You block the gnoll's attack.
You take 10 damage, and have 41/76 hp.
You claw the gnoll sergeant! The gnoll barely misses you.
You block the gnoll's attack. You block the gnoll sergeant's attack.
The gnoll shaman hits you but does no damage.
The gnoll sergeant hits you but does no damage.
You scratch the gnoll sergeant but do no damage.
You block the gnoll's attack. The gnoll closely misses you.
You block the gnoll's attack. The gnoll shaman hits you with a spear.
You take 2 damage, and have 40/76 hp.
You claw the gnoll sergeant!
You kill the gnoll sergeant!
Okawaru accepts your kill.
The gnoll sergeant hits you but does no damage.
The gnoll closely misses you. You block the gnoll's attack.
The gnoll shaman mumbles some strange prayers to its god against you.
You easily resist.
You block the gnoll's attack.
The gnoll sergeant hits you with a glaive!
Things that are here:
a halberd; a plate armour You take 12 damage, and have 29/76 hp.
You mangle the gnoll sergeant!!
You kill the gnoll sergeant!
Okawaru accepts your kill.
Your base Unarmed Combat skill increases to level 13!
You block the gnoll's attack. You block the gnoll shaman's attack.
You block the gnoll's attack. The gnoll hits you with a halberd!
* * * LOW HITPOINT WARNING * * *
You take 13 damage, and have 16/76 hp.
You feel like a meek peon again. You block the gnoll's attack.
The gnoll shaman hits you with a spear.
* * * LOW HITPOINT WARNING * * *
Things that are here:
a glaive; a chain mail You take 1 damage, and have 15/76 hp.
The gnoll hits you with a halberd.
* * * LOW HITPOINT WARNING * * *
You block the gnoll's attack.
The gnoll shaman hits you from afar with a spear.
* * * LOW HITPOINT WARNING * * *
You take 3 damage, and have 12/76 hp.
The gnoll hits you but does no damage.
There is an open door here.
The gnoll throws a throwing net.
You block the throwing net.
You see here a throwing net {=f, !d}.
The gnoll shaman invokes the aid of its god against you.
You easily resist.
You block the gnoll's attack.
You are confused.
You feel invigorated. The gnoll completely misses you.
You regained 4 hp, and now have 18/76 hp.
MP restored: 9 You bump into the stone wall.
The gnoll hits you from afar with a halberd.
* * * LOW HITPOINT WARNING * * *
You take 2 damage, and have 16/76 hp.
You bump into the stone wall.
The gnoll hits you but does no damage.
You regained 5 hp, and now have 21/76 hp.
You feel less invigorated.
You feel less confused.
You regained 5 hp, and now have 26/76 hp.
The gnoll shaman completely misses you. The gnoll hits you with a halberd.
* * * LOW HITPOINT WARNING * * *
You take 5 damage, and have 21/76 hp.
You scratch the gnoll but do no damage. You closely miss the gnoll.
The gnoll shaman hits you but does no damage.
The gnoll closely misses you.
You claw the gnoll!
The gnoll shaman hits you but does no damage.
The gnoll hits you with a halberd!
* * * LOW HITPOINT WARNING * * *
You take 12 damage, and have 10/76 hp.
You claw the gnoll!
You kill the gnoll!
Okawaru accepts your kill. You block the gnoll shaman's attack.
The gnoll shaman hits you with a spear!
* * * LOW HITPOINT WARNING * * *
The gnoll hits you from afar with a trident.
You die...

♣.≈..### ♣♣.≈..# ♣..≈..#
♣..≈..# ##### ♣♣..≈..#
##...##
♣♣...≈..######.....##
#♣♣♣...)...')).#...$...#
#∩..∩..))..'..gg(..8...+
#♣♣♣...)...'...#@..$...#
♣♣...≈..######.....##
♣...≈..# ##...##
♣...≈..# ##### ♣♣..≈..#
♣♣.≈..# ♣.≈..# ♣♣≈≈..


You could see a gnoll shaman and a gnoll.

Vanquished Creatures
  The ghost of hittemvvvhard the Caller, a novice KoSu (Ossuary)
  The ghost of Enish the Covered, an amateur BaHu of Qazlal (D:4)
  Sigmund (D:4)
  A spriggan (D:7)
  Edmund (D:6)
  A hornet zombie (D:7)
  2 centaurs
  3 elf zombies (Ossuary)
  Blork the orc (D:5)
  3 bullfrogs
  2 gnoll sergeants (Bailey)
  A scorpion (D:5)
  5 killer bees (D:8)
  3 howler monkeys
  A bullfrog zombie (D:7)
  3 crimson imps
  3 hounds
  A jelly (D:8)
  A centaur skeleton (D:6)
  An orc priest (D:3)
  3 orc wizards
  An iguana (D:7)
  Natasha (thrice) (D:3)
  2 worker ants
  3 big kobold zombies (Ossuary)
  A hound zombie (Ossuary)
  5 mummies
  A worker ant zombie (D:7)
  9 adders
  13 gnolls
  A howler monkey skeleton (D:7)
  An ooze (D:3)
  An adder zombie (Ossuary)
  An adder skeleton (D:5)
  4 worms
  3 dart slugs
  8 leopard geckos
  10 orcs
  3 ball pythons
  6 giant cockroaches
  16 goblins
  6 hobgoblins
  8 jackals
  4 quokkas
  7 bats
  5 frilled lizards
  A hobgoblin zombie (Ossuary)
  A jackal skeleton (D:6)
  6 kobolds
  2 kobold zombies
  A leopard gecko skeleton (D:4)
  2 orc zombies
  7 rats
  A rat zombie (Ossuary)
182 creatures vanquished.

Notes
Turn   | Place    | Note
-------+----------+-------------------------------------------
     0 | D:1      | Gorglomux the Troll Wanderer began the quest for the Orb.
     0 | D:1      | Gorglomux set off with: a book of Flames, the Grimoire of Poisoning, a +0 shield, a +0 robe, a +0 club, 2 bread rations
     0 | D:1      | Reached XP level 1. HP: 19/19 MP: 1/1
     0 | D:1      | Identified the Grimoire of Poisoning
   179 | D:1      | Reached skill level 1 in Unarmed Combat
   266 | D:1      | Reached XP level 2. HP: 27/27 MP: 2/2
   384 | D:1      | Reached skill level 2 in Unarmed Combat
   530 | D:1      | Reached XP level 3. HP: 33/33 MP: 3/3
   718 | D:2      | Reached skill level 3 in Unarmed Combat
  1138 | D:2      | Reached XP level 4. HP: 41/41 MP: 4/4
  1167 | D:2      | Reached skill level 4 in Unarmed Combat
  1324 | D:3      | Noticed Natasha
  1333 | D:3      | Killed Natasha
  1355 | D:3      | Noticed Natasha
  1356 | D:3      | Noticed a bullfrog
  1356 | D:3      | Reached XP level 5. HP: 41/48 MP: 5/5
  1396 | D:3      | Reached skill level 5 in Unarmed Combat
  1403 | D:3      | Killed Natasha
  1410 | D:3      | Noticed Natasha
  1414 | D:3      | Killed Natasha
  1414 | D:3      | Reached skill level 6 in Unarmed Combat
  1414 | D:3      | Reached XP level 6. HP: 54/55 MP: 6/6
  1735 | D:3      | Reached skill level 7 in Unarmed Combat
  1794 | D:3      | Found a shimmering altar of Xom.
  2118 | D:4      | Noticed Enish's ghost (amateur BaHu)
  2316 | D:4      | Found a snail-covered altar of Cheibriados.
  2389 | D:4      | Noticed Sigmund
  2418 | D:4      | Gained mutation: Your system is resistant to poisons. (rPois) [potion of mutation]
  2418 | D:4      | Gained mutation: You have a somewhat thin skeletal structure. (Dex +2, Stealth) [potion of mutation]
  2422 | D:4      | Reached XP level 7. HP: 52/62 MP: 7/7
  2426 | D:4      | Killed Sigmund
  2426 | D:4      | Reached skill level 8 in Unarmed Combat
  2593 | D:4      | Killed Enish's ghost
  2593 | D:4      | Reached skill level 9 in Unarmed Combat
  2648 | D:4      | Reached XP level 8. HP: 70/70 MP: 8/8
  2814 | D:4      | Noticed Grinder
  2920 | D:4      | Found a staircase to the Ecumenical Temple.
  2927 | Temple   | Entered the Ecumenical Temple
  3018 | Temple   | Became a worshipper of Warmaster Okawaru
  3212 | D:5      | Entered Level 5 of the Dungeon
  3347 | D:5      | Noticed Blork the orc
  3441 | D:5      | Killed Blork the orc
  3524 | D:5      | Found a deep blue altar of Sif Muna.
  3571 | D:5      | Reached skill level 10 in Unarmed Combat
  4131 | D:6      | Noticed Edmund
  4151 | D:6      | Killed Edmund
  4151 | D:6      | Reached * piety under Okawaru
  4156 | D:6      | Found a blossoming altar of Fedhas.
  4163 | D:6      | Found a burning altar of Makhleb.
  4637 | D:7      | Found a radiant altar of Vehumet.
  4644 | D:7      | Found a sand-covered staircase.
  4680 | Ossuary  | Entered an ossuary
  4701 | Ossuary  | Reached skill level 11 in Unarmed Combat
  4711 | Ossuary  | Noticed hittemvvvhard's ghost (novice KoSu)
  4720 | Ossuary  | HP: 15/70 [elf zombie (6)]
  4724 | Ossuary  | Killed hittemvvvhard's ghost
  4724 | Ossuary  | Reached XP level 9. HP: 39/76 MP: 9/9
  4738 | Ossuary  | Reached ** piety under Okawaru
  5186 | D:7      | Found a bloodstained altar of Trog.
  5186 | D:7      | Found a hazy altar of Hepliaklqana.
  5190 | D:7      | Found a glowing golden altar of the Shining One.
  5190 | D:7      | Found an ancient bone altar of Kikubaaqudgha.
  5282 | D:7      | Found Fesifream's General Store.
  5291 | D:7      | Bought a potion of ambrosia for 112 gold pieces
  5291 | D:7      | Bought a scroll of teleportation for 42 gold pieces
  5321 | D:7      | Reached skill level 12 in Unarmed Combat
  6180 | D:8      | Found a flagged portal.
  6296 | Bailey   | Entered a bailey
  6447 | Bailey   | Reached skill level 13 in Unarmed Combat
  6447 | Bailey   | HP: 16/76 [gnoll/halberd (14)]
  6455 | Bailey   | HP: 16/76 [gnoll/halberd (6)]
  6461 | Bailey   | HP: 10/76 [gnoll/halberd (12)]
  6463 | Bailey   | HP: 2/76 [gnoll shaman/spear (9)]
  6463 | Bailey   | Slain by a gnoll

Vault maps used:
D:1:      scummos_arrival_checkerplants
D:2:      first_bread
D:3:      tgw_xom, minmay_ruptured, uniq_natasha
D:4:      kennysheep_slug_shrine, minmay_temple_entry_nine_rooms, uniq_sigmund,
          uniq_grinder
D:5:      overflow_temple_1_default, grunt_ministairs_2,
          kennysheep_windowed_goal, uniq_blork_the_orc
D:6:      basic_altar, fedhas_altar_3, uniq_edmund
D:7:      lemuel_round_altar, grunt_temple_overflow_open,
          nicolae_ossuary_entry_giza, serial_shops, nicolae_shop_stone,
          the_bakery
D:8:      enter_bailey_3, nemelex_spade_bored_becter, uniq_joseph
Temple:   minmay_temple_forest_path
Ossuary:  ossuary_minmay_tomb_2a
Bailey:   bailey_polearm_gnolls_kennysheep, bailey

Skill      XL: |  1  2  3  4  5  6  7  8  9 |
---------------+----------------------------+-----
Unarmed Combat | 1 2 3 4 6 7 9 11 13 | 13.0
Fighting       | |  1.0
Short Blades   | |  1.0
Throwing       | |  1.0
Stealth        | |  1.0
Shields        | |  1.0
Spellcasting   | |  1.2
Fire Magic     | |  2.1

Action                   |  1- 3 |  4- 6 |  7- 9 || total
-------------------------+-------+-------+-------++-------
Melee: Unarmed           |   128 |   159 |   300 ||   587
Invok: Heroism           |       |       |     4 ||     4
  Use: Potion            |       |     3 |     4 ||     7
       Scroll            |       |       |    10 ||    10
 Stab: Sleeping          |     2 |     1 |     8 ||    11
       Distracted        |       |       |     2 ||     2
  Eat: Chunk             |    16 |    11 |    38 ||    65
Armor: Robe              |    46 |    60 |   146 ||   252
Dodge: Dodged            |    43 |    46 |   154 ||   243
Block: Shield            |    39 |    42 |   181 ||   262

Vault maps used:
D:1:      scummos_arrival_checkerplants
D:2:      first_bread
D:3:      tgw_xom, minmay_ruptured, uniq_natasha
D:4:      kennysheep_slug_shrine, minmay_temple_entry_nine_rooms, uniq_sigmund,
          uniq_grinder
D:5:      overflow_temple_1_default, grunt_ministairs_2,
          kennysheep_windowed_goal, uniq_blork_the_orc
D:6:      basic_altar, fedhas_altar_3, uniq_edmund
D:7:      lemuel_round_altar, grunt_temple_overflow_open,
          nicolae_ossuary_entry_giza, serial_shops, nicolae_shop_stone,
          the_bakery
D:8:      enter_bailey_3, nemelex_spade_bored_becter, uniq_joseph
Temple:   minmay_temple_forest_path
Ossuary:  ossuary_minmay_tomb_2a
Bailey:   bailey_polearm_gnolls_kennysheep, bailey

Table legend:
 A = Turns spent in this place as a percentage of turns spent in the entire game.
 B = Non-inter-level travel turns spent in this place as a percentage of non-inter-level travel turns spent in the entire game.
 C = Inter-level travel turns spent in this place as a percentage of turns spent in this place.
 D = Turns resting spent in this place as a percentage of non-inter-level travel turns spent in this place.
 E = Turns spent auto-exploring this place as a percentage of non-inter-level travel turns spent in this place.
 F = Non-inter-level travel turns spent in this place divided by the number of levels of this place that you've seen.
                   A       B       C       D       E      F
               +-------+-------+-------+-------+-------+----------------------
         Total | 100.0 | 100.0 |   0.5 |   0.9 |   9.6 | 212.3
       Dungeon |  87.6 |  87.5 |   0.5 |   0.7 |  10.0 | 255.5
        Temple |   1.0 |   1.0 |   4.2 |   0.0 |  26.1 |  23.0
       Ossuary |   7.6 |   7.7 |   0.0 |   2.8 |   7.3 | 179.0
        Bailey |   3.8 |   3.8 |   0.0 |   2.2 |   1.1 |  89.0
               +-------+-------+-------+-------+-------+----------------------

Table legend:
 A = Kills in this place as a percentage of kills in entire the game.
 B = Kills by you in this place as a percentage of kills by you in the entire game.
 C = Kills by friends in this place as a percentage of kills by friends in the entire game.
 D = Other kills in this place as a percentage of other kills in the entire game.
 E = Experience gained in this place as a percentage of experience gained in the entire game.
 F = Experience gained in this place divided by the number of levels of this place that you have seen.
                   A       B       C       D       E      F
               +-------+-------+-------+-------+-------+----------------------
         Total | 100.0 | 100.0 |  -nan |  -nan | 100.0 | 406.5
       Dungeon |  85.7 |  85.7 |  -nan |  -nan |  74.9 | 418.6
       Ossuary |   9.3 |   9.3 |  -nan |  -nan |  17.8 | 797.0
        Bailey |   4.9 |   4.9 |  -nan |  -nan |   7.3 | 325.0
               +-------+-------+-------+-------+-------+----------------------
